 Dungeon Crawl Stone Soup version bcrawl-1.21.3 (webtiles) character file.

Game seed: 10695648408237824215

1 MisterOstroum the Skirmisher (level 1, 0/18 HPs)
             Began as a Demonspawn Fighter on Apr 5, 2020.
             Slain by a leopard gecko (3 damage)
             ... on level 1 of the Dungeon.
             The game lasted 00:00:19 (47 turns).

MisterOstroum the Skirmisher (Demonspawn Fighter)     Turns: 47, Time: 00:00:20

Health: 0/18       AC:  6    Str: 16    XL:     1   Next: 16%
Magic:  1/1        EV:  6    Int:  9    God:
Gold:   0          SH:  8    Dex: 12    Spells: 0/0 levels left

rFire    . . .     SeeInvis .     - Unarmed
rCold    . . .     Gourm    .   b - +0 medium shield
rNeg     . . .     Faith    .   a - +0 scale mail
rPois    .         Spirit   .   (no helmet)
rElec    .         Reflect  .   (no cloak)
rCorr    .         Harm     .   (no gloves)
MR       .....                  (no boots)
Stlth    ..........             (no amulet)
HPRegen  0.06/turn              (no ring)
MPRegen  0.07/turn              (no ring)

@: no status effects
A: no striking features
a: no special abilities


You were on level 1 of the Dungeon.
You were not hungry.

You visited 1 branch of the dungeon, and saw 1 of its levels.

Inventory:

Armour
 a - a +0 scale mail (worn)
 b - a +0 medium shield (worn)
Potions
 c - a potion of might {@q3 !q}
Comestibles
 e - a ration {!d}


   Skills:
 + Level 3.0 Fighting
 - Level 2.6 Armour
 + Level 2.6 Shields
 * Level 1.8 Unarmed Combat


You couldn't memorise any spells.
You didn't know any spells.
Your spell library was empty.

Dungeon Overview and Level Annotations

Branches:
Dungeon (1/12)

Altars:


Message History

The goblin closely misses you.
Your shield and scale mail prevent you from hitting the leopard gecko.
The leopard gecko bites you but does no damage.
The goblin completely misses you.
You closely miss the leopard gecko. You block the leopard gecko's attack.
The goblin hits you.
There are monsters nearby!
There are monsters nearby!
You closely miss the leopard gecko. The leopard gecko barely misses you.
You block the goblin's attack. The leopard gecko barely misses you.
You hit the goblin.
You kill the goblin!
You block the leopard gecko's attack.
You see here a goblin corpse.
You hit the leopard gecko but do no damage.
You block the leopard gecko's attack.
You hit the leopard gecko.
The leopard gecko is lightly wounded.
The leopard gecko bites you. x2
You closely miss the leopard gecko.
The leopard gecko is lightly wounded.
The leopard gecko closely misses you.
You miss the leopard gecko.
The leopard gecko is lightly wounded.
You block the leopard gecko's attack.
The leopard gecko bites you but does no damage.
Unknown command.
You closely miss the leopard gecko.
The leopard gecko is lightly wounded.
You block the leopard gecko's attack.
You hit the leopard gecko but do no damage.
The leopard gecko is lightly wounded.
The leopard gecko bites you.
* * * LOW HITPOINT WARNING * * *
Your shield and scale mail prevent you from hitting the leopard gecko.
The leopard gecko is lightly wounded.
The leopard gecko barely misses you.
You closely miss the leopard gecko.
The leopard gecko is lightly wounded.
The leopard gecko bites you.
* * * LOW HITPOINT WARNING * * *
The leopard gecko barely misses you.
You hit the leopard gecko but do no damage.
The leopard gecko is lightly wounded.
The leopard gecko barely misses you.
You hit the leopard gecko.
The leopard gecko is moderately wounded.
The leopard gecko bites you but does no damage.
You closely miss the leopard gecko.
The leopard gecko is moderately wounded.
You block the leopard gecko's attack. x2
You closely miss the leopard gecko.
The leopard gecko is moderately wounded.
The leopard gecko bites you but does no damage.
Your shield prevents you from hitting the leopard gecko.
The leopard gecko is moderately wounded.
The leopard gecko bites you but does no damage.
You closely miss the leopard gecko.
The leopard gecko is moderately wounded.
You block the leopard gecko's attack.
You barely miss the leopard gecko.
The leopard gecko is moderately wounded.
The leopard gecko bites you but does no damage. x2
You barely miss the leopard gecko.
The leopard gecko is moderately wounded.
The leopard gecko bites you but does no damage.
Unknown command.
You closely miss the leopard gecko.
The leopard gecko is moderately wounded.
You block the leopard gecko's attack.
You miss the leopard gecko.
The leopard gecko is moderately wounded.
You block the leopard gecko's attack.
You miss the leopard gecko.
The leopard gecko is moderately wounded.
The leopard gecko barely misses you. You block the leopard gecko's attack.
You barely miss the leopard gecko.
The leopard gecko is moderately wounded.
You block the leopard gecko's attack.
You closely miss the leopard gecko.
The leopard gecko is moderately wounded.
You block the leopard gecko's attack.
You hit the leopard gecko but do no damage.
The leopard gecko is moderately wounded.
The leopard gecko bites you but does no damage.
The leopard gecko barely misses you.
You hit the leopard gecko.
The leopard gecko is heavily wounded.
The leopard gecko bites you.
* * * LOW HITPOINT WARNING * * *
Your shield prevents you from hitting the leopard gecko.
The leopard gecko is heavily wounded.
You block the leopard gecko's attack.
You closely miss the leopard gecko.
The leopard gecko is heavily wounded.
You block the leopard gecko's attack.
You closely miss the leopard gecko.
The leopard gecko is heavily wounded.
The leopard gecko bites you.
You die...

# #. .. #. ... ..
.... .#########
#.... #.........
...?..####.........
.....sgl@..........
......##...<.......
...#. #.#....8....
# # #.#.....♣...
###.........
#.........
#.........
##########


You could see a leopard gecko, a giant cockroach and a hobgoblin.

Vanquished Creatures
  A goblin (D:1)
  A kobold (D:1)
2 creatures vanquished.

Notes
Turn   | Place    | Note
-------+----------+-------------------------------------------
     0 | D:1      | MisterOstroum the Demonspawn Fighter began the quest for
                  | the Orb.
     0 | D:1      | Reached XP level 1. HP: 18/18 MP: 1/1
    47 | D:1      | Slain by a leopard gecko

Action                   || total
-------------------------++-------
Melee: Unarmed           ||    43
Armor: Scale mail        ||    14
Dodge: Dodged            ||    14
Block: Medium shield     ||    20
